 Dungeon Crawl Stone Soup version 0.29.0-5-ge4962eb29e (webtiles) character file.

Game seed: 5292779662107989883

61585 Persephone the Markself (level 14, 0/73 HPs)
             Began as a Deep Elf Hunter on Aug 29, 2022.
             Was the Champion of Hepliaklqana.
             Slain by Rupert
             ... wielding a +2 great mace of protection
              (22 damage)
             ... on level 12 of the Dungeon.
             The game lasted 00:57:32 (19208 turns).

Persephone the Markself (Deep Elf Hunter)          Turns: 19208, Time: 00:57:32

Health: 0/73       AC: 10    Str:  7    XL:     14   Next: 61%
Magic:  0/21       EV: 28    Int: 24    God:    Hepliaklqana [******]
Gold:   1853       SH:  0    Dex: 21    Spells: 13/20 levels left

rFire   + . .      SeeInvis .   f - +0 arbalest (vorpal)
rCold   + . .      Faith    .   (shield currently unavailable)
rNeg    + . .      Spirit   +   P - +0 troll leather armour
rPois   +          Reflect  .   X - +1 hat
rElec   +          Harm     .   t - +0 cloak
rCorr   .          Rampage  .   p - +2 pair of gloves
Will    ++...                   y - +0 pair of boots
Stlth   +++++++...              W - amulet "Qoybros" {Spirit rElec rN+ Int+4}
HPRegen 1.02/turn               n - ring of poison resistance
MPRegen 0.17/turn               c - ring "Ullillee" {rF+ rC+ EV+4 Stlth+}

@: about to teleport
A: reduced essence, clever 1, strong-willed 1
a: Renounce Religion, Recall Ancestor, Ancestor Identity, Transference, Idealise


You were on level 12 of the Dungeon.
You worshipped Hepliaklqana.
Hepliaklqana was exalted by your worship.
You visited 3 branches of the dungeon, and saw 18 of its levels.
You also visited: Sewer, Ossuary and Bailey.

You collected 2085 gold pieces.
You spent 232 gold pieces at shops.

Inventory:

Hand Weapons
 a - a +1 shortbow
 f - a +0 vorpal arbalest (weapon)
Missiles
 V - a throwing net
Armour
 p - a +2 pair of gloves (worn)
 t - a +0 cloak (worn)
 y - a +0 pair of boots (worn)
 z - a +2 leather armour of cold resistance
 P - a +0 troll leather armour (worn)
 X - a +1 hat (worn)
Jewellery
 c - the ring "Ullillee" (right hand) {rF+ rC+ EV+4 Stlth+}
   (You acquired it on level 6 of the Dungeon)

   [ring of evasion]

   EV:        It affects your evasion (+4).
   rF:        It protects you from fire.
   rC:        It protects you from cold.
   Stlth:     It makes you more stealthy.
 e - an amulet of reflection
 k - a ring of willpower
 n - a ring of poison resistance (left hand)
 u - a +4 ring of protection
 H - the ring "Ikouss" {Contam Int+5 SInv}
   (You found it on level 5 of the Lair of Beasts)

   [ring of see invisible]

   Int:       It affects your intelligence (+5).
   SInv:      It lets you see invisible.
   Contam:    It causes magical contamination when unequipped.
 J - a ring of protection from fire
 R - a ring of flight
 W - the amulet "Qoybros" (around neck) {Spirit rElec rN+ Int+4}
   (You found it on level 4 of the Lair of Beasts)

   [amulet of guardian spirit]

   It causes incoming damage to be divided between your reserves of health and
   magic.
   Int:       It affects your intelligence (+4).
   rElec:     It insulates you from electricity.
   rN:        It protects you from negative energy.
 Y - an amulet of regeneration
Wands
 s - a wand of iceblast (17)
 C - a wand of mindburst (31)
 D - a wand of polymorph (4)
 O - a wand of light (15)
 T - a wand of digging (12)
 U - a wand of flame (12)
 Z - a wand of paralysis (9)
Scrolls
 b - 2 scrolls of immolation
 h - 3 scrolls of magic mapping
 m - 3 scrolls of vulnerability
 o - 7 scrolls of teleportation
 v - 9 scrolls of identify
 w - a scroll of brand weapon {unknown}
 A - 3 scrolls of poison
 F - 5 scrolls of enchant weapon
 G - 2 scrolls of enchant armour
 I - 3 scrolls of butterflies
 N - 2 scrolls of summoning
Potions
 d - 5 potions of lignification
 g - 7 potions of curing
 i - 5 potions of flight
 j - 2 potions of cancellation
 l - 3 potions of degeneration
 q - 3 potions of might
 r - 8 potions of heal wounds
 x - 5 potions of mutation
 B - 2 potions of haste
 E - 4 potions of ambrosia
 K - 4 potions of attraction
 L - a potion of invisibility
 M - 2 potions of berserk rage
 Q - a potion of resistance
 S - a potion of magic {unknown}


   Skills:
 + Level 7.0 Fighting
 - Level 18.0 Ranged Weapons
 * Level 17.6 Dodging
 + Level 13.7 Stealth
 - Level 3.6 Spellcasting
 - Level 10.6 Translocations
 + Level 2.9 Invocations


You had 13 spell levels left.
You knew the following spells:

 Your Spells              Type           Power      Damage    Failure   Level
a - Passage of Golubria   Tloc           53%        N/A       1%          4
b - Portal Projectile     Hex/Tloc       58%        N/A       5%          3

Your spell library contained the following spells:

 Spells                   Type           Power      Damage    Failure   Level
 Blink                    Tloc           100%       N/A       1%          2
 Gell's Gravitas          Tloc           53%        N/A       1%          3
 Lesser Beckoning         Tloc           53%        N/A       1%          3
 Teleport Other           Tloc           53%        N/A       1%          3
 Manifold Assault         Tloc           53%        N/A       5%          5
 Sandblast                Erth           8%         2d5       16%         1
 Shock                    Conj/Air       16%        1d4       16%         1
 Passwall                 Tmut/Erth      3%         N/A       22%         2
 Poisonous Vapours        Pois/Air       8%         N/A       22%         2
 Scorch                   Fire           8%         2d5       22%         2
 Sublimation of Blood     Necr           4%         N/A       22%         2
 Call Canine Familiar     Summ           4%         N/A       41%         3
 Frozen Ramparts          Ice            8%         1d2       41%         3
 Stone Arrow              Conj/Erth      8%         3d7       41%         3
 Swiftness                Air            4%         N/A       41%         3
 Tukima's Dance           Hex            4%         N/A       41%         3
 Airstrike                Air            2%         2d(1-17)  83%         4
 Animate Dead             Necr           4%         N/A       83%         4
 Corpse Rot               Necr/Pois/Air  4%         N/A       83%         4
 Flame Wave               Conj/Fire      4%         2d5       83%         4
 Ice Form                 Ice/Tmut       4%         N/A       83%         4
 Leda's Liquefaction      Hex/Erth       2%         N/A       83%         4
 Petrify                  Tmut/Erth      4%         N/A       83%         4
 Summon Ice Beast         Ice/Summ       4%         N/A       83%         4
 Blade Hands              Tmut           2%         N/A       99%         5
 Borgnjor's Vile Clutch   Necr/Erth      2%         N/A       99%         5
 Irradiate                Conj/Tmut      2%         3d12      99%         5
 Lee's Rapid Deconstruct  Erth           2%         3d5*      99%         5
 Silence                  Hex/Air        2%         N/A       99%         5
 Summon Mana Viper        Hex/Summ       4%         N/A       99%         5
 Yara's Violent Unravell  Hex/Tmut       2%         3d3       99%         5
 Death Channel            Necr           2%         N/A       100%        6
 Statue Form              Tmut/Erth      2%         N/A       100%        6
 Summon Cactus Giant      Summ           2%         N/A       100%        6
 Dragon Form              Tmut           2%         N/A       100%        7
 Haunt                    Necr/Summ      2%         N/A       100%        7
 Monstrous Menagerie      Summ           2%         N/A       100%        7
 Infestation              Necr           2%         N/A       100%        8
 Lehudib's Crystal Spear  Conj/Erth      2%         10d2      100%        8


Dungeon Overview and Level Annotations

Branches:
Dungeon (12/15)            Temple (1/1) D:4            Lair (5/5) D:10
  Swamp (0/4) Lair:3        Snake (0/4) Lair:3        Slime (0/5) Lair:5
    Orc (0/2) D:12          Sewer (visited)         Ossuary (visited)
 Bailey (visited)

Altars:
Ashenzari
Dithmenos
Elyvilon
Fedhas
Gozag
Hepliaklqana
Kikubaaqudgha
Makhleb
Nemelex Xobeh
Okawaru
Qazlal
Ru
Sif Muna
Trog
Uskayaw
Vehumet
Wu Jian
Xom
Yredelemnul
Zin
The Shining One
Lugonu

Shops:
D:6 !((   D:12 *

Portals:
Abyss: Lair:5

Annotations:
D:6 2 transporters
D:12 Rupert
Lair:3 2 transporters, browni3141's ghost, journeyman MeDe
Lair:5 1 runed translucent door


Innate Abilities, Weirdness & Mutations

Your life essence is reduced to manifest your ancestor. (-10% HP)
Your mind is acute. (Int +4, Str/Dex -1)
You are strong-willed. (Will+)


Message History

Something barely misses you.
Something hits Nindada but does no damage.
Nindada hits Rupert with a +0 flail.
You shoot a bolt. The bolt hits Rupert!!
Rupert is heavily wounded.
Rupert roars madly and goes into a rage!
Rupert goes berserk!
Nindada hits Rupert with a +0 flail.
You shoot a bolt.
The bolt hits Rupert but does no damage.
Rupert is severely wounded.
Rupert closely misses you.
Nindada hits Rupert with a +0 flail.
You shoot a bolt.
The bolt hits Rupert but does no damage.
Rupert is severely wounded.
Rupert barely misses you. Rupert misses you.
Nindada hits Rupert with a +0 flail.
You shoot a bolt. The bolt hits Rupert!
Rupert is severely wounded.
Rupert misses you.
Nindada hits Rupert with a +0 flail.
Unknown command.
You shoot a bolt. The bolt hits Rupert.
Rupert is severely wounded.
Rupert hits you with a +2 great mace of protection!!!
Rupert misses you.
Nindada barely misses Rupert.
You shoot a bolt. The bolt hits Rupert.
Rupert is severely wounded.
Rupert hits you with a +2 great mace of protection!
Nindada closely misses Rupert.
You shoot a bolt. The bolt hits Rupert!!
Rupert is almost dead.
Rupert closely misses you. x2; Nindada barely misses Rupert.
Unknown command.
Rupert attacks as you move away!
Rupert hits you with a +2 great mace of protection!!
* * * LOW HITPOINT WARNING * * *
Nindada barely misses the ettin.
As you read the scroll of teleportation, it crumbles to dust.
You feel strangely unstable.
Rupert hits you with a +2 great mace of protection!!
You die...

,,,,+,,,,,,*....ยง.'......#..#....
,,,,*,,,,**###....#......#..+....
,,,,*,,*+*,#[#+#..#......#..#....
,,,,****,,,#...##*#......#..#...#
,,,###,,,,,#...,,###.....#..#...#
,###.###,,,*..{###.#'#...#..#####
##.....#+#,*,#C#.....###(#.......
.........#####R@......[###.......
##.........#....@....###......###
.###.......#.......###........#..
...#'#.....).....#'#.......^..#..
.....###...#...###.........####..
.......###.#.###...........#.....
.........#####....##'###'#.#.....
...........#......#..>...#.#.....
..................#......#.#.....
......###.........#......#.#.....


You could see the friendly Nindada the knight, Rupert (berserk) and an ettin.

Vanquished Creatures
  A frost giant (D:12)
  Josephine (D:12)
  Fannar (Lair:3)
  3 boulder beetles
  3 catoblepae
  A centaur warrior (D:12)
  5 death yaks (Lair:5)
  4 thrashing horrors (Lair:5)
  Sonja (Lair:3)
  Pikel (D:6)
  4 ugly things (Lair:5)
  A wizard (D:10)
  4 oklob plants (Lair:1)
  A manticore (D:11)
  A cyclops (D:12)
  3 elephants (Lair:5)
  6 cane toads
  2 black mambas (Lair:1)
  A smoke demon (Lair:5)
  An unseen horror (D:12)
  2 gargoyles
  9 komodo dragons
  3 rime drakes
  A yaktaur (shapeshifter) (Lair:5)
  A freezing wraith (D:12)
  5 trolls
  A large abomination (Lair:5)
  4 slime creatures (D:12)
  2 polar bears
  Prince Ribbit (D:6)
  26 blink frogs
  Sigmund (D:2)
  A shadow (D:7)
  A vampire (D:12)
  3 wyverns
  3 wraiths
  15 yaks
  Eustachio (D:6)
  9 basilisks
  4 vampire mosquitoes
  4 chaos spawn (Lair:5)
  3 nagas (Lair:3)
  Duvessa (D:4)
  11 water moccasins
  12 orc warriors
  5 ice beasts
  A sky beast (D:7)
  3 black bears
  15 centaurs
  6 wolves
  2 ogres (D:6)
  A lemure (D:6)
  2 kobold brigands (D:7)
  A necrophage (D:6)
  A gnoll sergeant (D:12)
  16 bullfrogs
  3 jellies
  12 scorpions
  Dowan (D:4)
  2 electric eels (D:8)
  2 centaur zombies (Ossuary)
  A gnoll bouda (D:7)
  2 orc priests
  3 hounds
  4 hell rats (Lair:5)
  4 scorpion zombies (Ossuary)
  Ijyb (D:3)
  5 iguanas
  7 orc wizards
  6 small abominations (Lair:5)
  3 mummies (Ossuary)
  14 gnolls
  6 adders
  A shadow imp (D:5)
  A white imp (D:8)
  5 worms
  A dart slug (D:3)
  42 orcs
  3 bats
  10 endoplasms
  9 giant cockroaches
  A gnoll zombie (Ossuary)
  12 goblins
  7 hobgoblins
  2 jackals (D:1)
  19 kobolds
  13 quokkas
  11 ball pythons
  17 frilled lizards
  4 goblin zombies (Ossuary)
  A hobgoblin zombie (Ossuary)
  2 kobold zombies (Ossuary)
  2 orc zombies (Ossuary)
  6 rats
467 creatures vanquished.

Vanquished Creatures (collateral kills)
  A boulder beetle (Lair:5)
  4 hydras
  A death yak (Lair:5)
  A two-headed ogre (D:9)
  2 elephants (Lair:5)
  A black mamba (Lair:1)
  A smoke demon (Lair:5)
  Maurice (D:12)
  3 cane toads
  2 unseen horrors
  A komodo dragon (Lair:1)
  An ancient zyme (Lair:5)
  2 slime creatures (D:12)
  4 blink frogs
  A shadow (D:9)
  2 spriggans (Lair:5)
  A wyvern (Lair:3)
  8 yaks
  Grum (D:11)
  2 wraiths (D:12)
  A vampire mosquito (D:9)
  2 small abominations (Lair:5)
  A naga (Lair:3)
  An acid dragon (D:9)
  A swamp worm (Lair:3)
  3 water moccasins
  2 black bears
  2 orc warriors (Bailey)
  An ice beast (D:7)
  2 ogres (D:5)
  A centaur (Bailey)
  6 wolves
  A kobold brigand (D:9)
  2 bullfrogs
  3 scorpions
  A howler monkey (D:6)
  2 hounds (D:5)
  A human zombie (Ossuary)
  An orc priest (D:5)
  An iguana (D:6)
  An orc wizard (D:11)
  A scorpion zombie (Ossuary)
  A hell rat (Lair:5)
  3 gnolls
  10 orcs
  2 kobolds
  3 butterflies (Lair:5)
96 creatures vanquished.

Vanquished Creatures (others)
  Erica (D:11)
  A blink frog (Lair:5)
  9 knights
  An ancestor (D:6)
  A bush (Lair:5)
  56 fungi
  124 plants
193 creatures vanquished.

Grand Total: 756 creatures vanquished

Notes
Turn   | Place    | Note
-------+----------+-------------------------------------------
     0 | D:1      | Persephone the Deep Elf Hunter began the quest for the Orb.
     0 | D:1      | Reached XP level 1. HP: 12/12 MP: 3/3
    41 | D:1      | Reached XP level 2. HP: 16/16 MP: 4/4
   209 | D:1      | Reached skill level 6 in Ranged Weapons
   708 | D:2      | Reached XP level 3. HP: 18/20 MP: 5/5
   851 | D:2      | Reached skill level 7 in Ranged Weapons
   879 | D:2      | Noticed Sigmund
   893 | D:2      | Killed Sigmund
   894 | D:2      | Reached skill level 9 in Ranged Weapons
   894 | D:2      | Reached XP level 4. HP: 6/25 MP: 6/6
   894 | D:2      | Reached XP level 5. HP: 7/29 MP: 7/7
  1692 | D:3      | Reached XP level 6. HP: 34/34 MP: 8/8
  1733 | D:3      | Noticed Ijyb
  1778 | D:3      | Found an opulent altar of Gozag.
  1900 | D:3      | Reached skill level 10 in Ranged Weapons
  1939 | D:3      | Found a blossoming altar of Fedhas.
  1945 | D:3      | Found a stormy altar of Qazlal.
  1951 | D:3      | Found a white marble altar of Elyvilon.
  1957 | D:3      | Found a glowing golden altar of the Shining One.
  1967 | D:3      | Found a radiant altar of Vehumet.
  1975 | D:3      | Found an ancient bone altar of Kikubaaqudgha.
  1979 | D:3      | Found a shadowy altar of Dithmenos.
  2020 | D:3      | Killed Ijyb
  2335 | D:4      | Noticed Duvessa
  2335 | D:4      | Noticed Dowan
  2346 | D:4      | Killed Duvessa
  2347 | D:4      | Reached skill level 11 in Ranged Weapons
  2347 | D:4      | Reached XP level 7. HP: 35/38 MP: 9/9
  2373 | D:4      | Found a glowing drain.
  2383 | Sewer    | Entered a sewer
  2700 | Sewer    | Identified the +4 dagger of the Mouth {vorpal, rF+++ rN++
                  | Str-2 Int+3}
  2731 | D:4      | Found a staircase to the Ecumenical Temple.
  2737 | Temple   | Entered the Ecumenical Temple
  2822 | Temple   | Became a worshipper of Hepliaklqana the Forgotten
  2896 | D:4      | Reached skill level 12 in Ranged Weapons
  2943 | D:4      | Killed Dowan
  3351 | D:5      | Entered Level 5 of the Dungeon
  3709 | D:5      | Found a burning altar of Makhleb.
  3719 | D:5      | Reached * piety under Hepliaklqana
  3794 | D:5      | Reached skill level 13 in Ranged Weapons
  3794 | D:5      | Reached XP level 8. HP: 38/38 MP: 10/10
  4197 | D:5      | Reached skill level 14 in Ranged Weapons
  4774 | D:6      | Found Affanit's Distillery.
  4779 | D:6      | Identified a scroll of acquirement
  4779 | D:6      | Acquired the ring "Ullillee" {rF+ rC+ EV+4 Stlth+}
  4792 | D:6      | Noticed Pikel
  4810 | D:5      | Reached skill level 15 in Ranged Weapons
  5050 | D:6      | Found Keamye Dakh's Antique Weapon Emporium.
  5066 | D:6      | Bought a glowing arbalest for 232 gold pieces
  5077 | D:6      | Killed Pikel
  5078 | D:6      | Reached skill level 16 in Ranged Weapons
  5078 | D:6      | Reached XP level 9. HP: 43/43 MP: 11/11
  5137 | D:6      | Found a transporter.
  5142 | D:6      | Found a sparkling altar of Nemelex Xobeh.
  5142 | D:6      | Found a transporter.
  5163 | D:6      | Noticed Eustachio
  5166 | D:6      | Killed Eustachio
  5464 | D:6      | Noticed Prince Ribbit
  5476 | D:6      | Killed Prince Ribbit
  5477 | D:6      | Reached skill level 17 in Ranged Weapons
  5523 | D:6      | Found Joloucaj's Weapon Emporium.
  5678 | D:6      | Found a shimmering altar of Xom.
  5861 | D:7      | Found a sand-covered staircase.
  5903 | Ossuary  | Entered an ossuary
  5943 | Ossuary  | Reached skill level 18 in Ranged Weapons
  5960 | Ossuary  | Reached ** piety under Hepliaklqana
  5961 | Ossuary  | Remembered your ancestor Nindada as a knight
  6134 | Ossuary  | Reached XP level 10. HP: 48/48 MP: 12/12
  6342 | D:7      | Reached skill level 5 in Dodging
  6624 | D:7      | Found an iron altar of Okawaru.
  7009 | D:7      | Learned a level 4 spell: Passage of Golubria
  7051 | D:8      | Reached *** piety under Hepliaklqana
  7064 | D:8      | Found a flagged portal.
  7082 | Bailey   | Entered a bailey
  7092 | Bailey   | Reached skill level 1 in Spellcasting
  7162 | Bailey   | Reached skill level 1 in Translocations
  7317 | Bailey   | Reached skill level 5 in Stealth
  9059 | D:9      | Gained mutation: You passively map a small area around you.
                  | [potion of mutation]
  9119 | D:9      | Lost mutation: You passively map a small area around you.
                  | [potion of mutation]
  9119 | D:9      | Gained mutation: You are robust. (+10% HP) [potion of
                  | mutation]
  9119 | D:9      | Gained mutation: You occasionally lose the ability to read
                  | scrolls when taking damage. [potion of mutation]
  9119 | D:9      | Gained mutation: Your spells are a little harder to cast,
                  | but a little more powerful. [potion of mutation]
  9120 | D:9      | Lost mutation: You are robust. (+10% HP) [potion of
                  | mutation]
  9120 | D:9      | Lost mutation: Your spells are a little harder to cast, but
                  | a little more powerful. [potion of mutation]
  9120 | D:9      | Gained mutation: You occasionally lose the ability to drink
                  | potions when taking damage. [potion of mutation]
  9120 | D:9      | Gained mutation: You do not regenerate when monsters are
                  | visible. [potion of mutation]
  9121 | D:9      | Lost mutation: You do not regenerate when monsters are
                  | visible. [potion of mutation]
  9121 | D:9      | Lost mutation: You occasionally lose the ability to read
                  | scrolls when taking damage. [potion of mutation]
  9121 | D:9      | Lost mutation: You occasionally lose the ability to drink
                  | potions when taking damage. [potion of mutation]
  9121 | D:9      | Gained mutation: You are strong-willed. (Will+) [potion of
                  | mutation]
  9121 | D:9      | Gained mutation: Your mind is acute. (Int +4, Str/Dex -1)
                  | [potion of mutation]
  9177 | D:9      | Reached XP level 11. HP: 50/54 MP: 18/18
  9297 | D:9      | Found a hide-covered altar of Uskayaw.
  9357 | D:9      | Noticed a two-headed ogre
  9369 | D:9      | Killed a two-headed ogre
  9629 | D:9      | Reached **** piety under Hepliaklqana
  9690 | D:9      | Found a shimmering blue altar of Sif Muna.
  9693 | D:9      | Found a sacrificial altar of Ru.
  9775 | D:10     | Entered Level 10 of the Dungeon
 10006 | D:10     | Reached skill level 10 in Dodging
 10145 | D:10     | Reached skill level 5 in Translocations
 10359 | D:10     | Found a staircase to the Lair.
 10725 | D:10     | Noticed a wizard
 10726 | D:10     | Killed a wizard
 10777 | D:10     | Learned a level 3 spell: Portal Projectile
 10908 | D:11     | Noticed Erica
 10920 | D:11     | Killed Erica
 11163 | D:11     | Noticed Grum
 11167 | D:11     | Killed Grum
 11289 | D:11     | Noticed a seven-headed hydra
 11294 | D:11     | Killed a seven-headed hydra
 11295 | D:11     | Reached XP level 12. HP: 57/57 MP: 19/19
 11403 | D:12     | Noticed Josephine
 11411 | D:12     | Killed Josephine
 11435 | D:12     | Noticed Maurice
 11442 | D:12     | Killed Maurice
 11511 | D:12     | Found a staircase to the Orcish Mines.
 11707 | Lair:1   | Entered Level 1 of the Lair of Beasts
 12032 | Lair:1   | Reached skill level 10 in Stealth
 12267 | Lair:1   | Reached ***** piety under Hepliaklqana
 12412 | Lair:1   | Noticed a catoblepas
 12488 | Lair:1   | Killed a catoblepas
 13617 | Lair:1   | Acquired 687 gold pieces
 13762 | Lair:2   | Noticed a boulder beetle
 13781 | Lair:2   | Killed a boulder beetle
 13902 | Lair:2   | Reached XP level 13. HP: 63/64 MP: 20/20
 14494 | Lair:3   | Noticed Fannar
 14510 | Lair:3   | Killed Fannar
 14638 | Lair:3   | Noticed Sonja
 14641 | Lair:3   | Killed Sonja
 14878 | Lair:3   | Found a transporter.
 14878 | Lair:3   | Noticed browni3141's ghost (journeyman MeDe)
 14936 | Lair:3   | Found a staircase to the Snake Pit.
 14942 | Lair:3   | Reached skill level 15 in Dodging
 15022 | Lair:3   | Reached skill level 5 in Fighting
 15115 | Lair:3   | Found a transporter.
 15441 | Lair:3   | Found a staircase to the Swamp.
 15628 | Lair:4   | Identified the amulet "Qoybros" {Spirit rElec rN+ Int+4}
 16192 | Lair:5   | Entered Level 5 of the Lair of Beasts
 16816 | Lair:5   | Reached skill level 10 in Translocations
 16992 | Lair:5   | Reached ****** piety under Hepliaklqana
 16998 | Lair:5   | Found a runed translucent door.
 17010 | Lair:5   | Noticed an acid blob
 17238 | Lair:5   | Reached XP level 14. HP: 72/72 MP: 21/21
 17728 | Lair:5   | Found a staircase to the Slime Pits.
 17728 | Lair:5   | Noticed an acid blob
 18145 | Lair:5   | Reached skill level 1 in Invocations
 18204 | Lair:5   | Found a corrupted altar of Lugonu.
 18204 | Lair:5   | Found a one-way gate to the infinite horrors of the Abyss.
 18296 | Lair:5   | Identified the ring "Ikouss" {Contam Int+5 SInv}
 18644 | D:12     | Found a shimmering altar of Xom.
 18708 | D:12     | Noticed a frost giant
 19010 | D:12     | Found Axkugig's General Store.
 19100 | D:12     | Killed a frost giant
 19197 | D:12     | Noticed Rupert
 19208 | D:12     | Slain by Rupert

Illustrated notes

Levels and vault maps discovered:
D:1:      lightli_arrival_lavapool, layout_loops_ring
D:2:      layout_basic, uniq_sigmund
D:3:      layout_rooms, mainiacjoe_overflow_paths,
          grunt_temple_overflow_octagram, minmay_fractal_squares_diagonal_5,
          uniq_ijyb
D:4:      layout_basic, minmay_temple_entry_hall, cheibrodos_sewer_entry_drain,
          uniq_duvessa
D:5:      layout_gridville, lemuel_tele_altar, wad_rectangle_vault
D:6:      layout_loops_cross, mainiacjoe_overflow_alcove_4,
          gammafunk_temple_overflow_arena, serial_shops, nicolae_square_shop,
          nicolae_stop_n_shop_2, shop, uniq_prince_ribbit1, uniq_pikel,
          uniq_eustachio
D:7:      layout_basic, marbit_many_paths,
          nicolae_ossuary_entry_false_entrances, serial_bayou_pond_c,
          minivault_23
D:8:      layout_basic, enter_bailey_5, minmay_misc_feat_room,
          water_boxes_lemuel
D:9:      layout_rooms, minitemple, nicolae_uskayaw_dance_studio,
          hangedman_decor_lopped
D:10:     layout_basic, grunt_lair_entry_orc_guard_hut, minmay_librarian
D:11:     layout_cave_pools, uniq_grum, uniq_erica
D:12:     nicolae_hexawheel, layout_irregular_city, orc_0_dummy, serial_shops,
          nicolae_shop_hallway_stairs, brannock_xom_greatest_gift, uniq_rupert,
          uniq_josephine, uniq_maurice
Temple:   nicolae_temple_bog_church
Lair:1:   minmay_lair_oklob_tunnel, layout_loops_ring, serial_rivers,
          chequers_serial_rivers_room_a, chequers_serial_rivers_micro_a,
          chequers_serial_rivers_marsh, chequers_serial_rivers_small_3,
          chequers_serial_rivers_micro_b, chequers_serial_rivers_micro_a,
          beast_lair_carwin_7, lemuel_fruit_fields
Lair:2:   layout_regular_city, chequers_serial_rivers_small_a,
          grunt_megastairs_4
Lair:3:   layout_roguey, minmay_swamp_entry_worms,
          minmay_snake_entry_guardpost_small, gammafunk_ghost_berserking_beasts,
          infiniplex_staircase_pool_2, uniq_sonja, uniq_fannar
Lair:4:   layout_gridlike, lemuel_fruit_tree
Lair:5:   hellmonk_lair_end_abyssal_woods, layout_small_grid, slime_entry_2,
          lemuel_fruit_fields

Skill      XL: |  1  2  3  4  5  6  7  8  9 10 11 12 13 14 |
---------------+-------------------------------------------+-----
Ranged Weapons | 6 9 11 13 16 18 | 18.0
Dodging        | 4 8 12 14 16 17 | 17.6
Fighting       | 2 3 4 6 7 |  7.0
Stealth        | 2 6 9 11 12 13 | 13.7
Spellcasting   | 3 |  3.6
Translocations | 3 6 8 10 | 10.6
Invocations    | 2 |  2.9

Action                   |  1- 3 |  4- 6 |  7- 9 | 10-12 | 13-15 || total
-------------------------+-------+-------+-------+-------+-------++-------
 Fire: Shortbow          |    87 |    85 |   229 |       |       ||   401
       Arbalest          |       |       |   123 |   585 |   606 ||  1314
 Cast: Portal Projectile |       |       |       |     1 |       ||     1
Invok: Ancestor Identity |       |       |     1 |       |       ||     1
       Ancestor Life: Kn |       |       |     1 |       |       ||     1
       Recall Ancestor   |       |       |       |     2 |       ||     2
  Use: Potion            |     1 |       |       |     4 |     1 ||     6
       Scroll            |       |     8 |     9 |    18 |     5 ||    40
Armor: Leather armour    |     4 |     6 |    17 |    22 |    26 ||    75
       Troll leather arm |       |       |       |       |     3 ||     3
Dodge: Dodged            |    15 |     7 |    44 |   112 |   247 ||   425
Block: Other             |     8 |     4 |    16 |    19 |    13 ||    60
       Reflection        |       |       |       |     3 |     1 ||     4
